 Dungeon Crawl Stone Soup version 0.18-a0-1800-gdc7a371 (webtiles) character file.

91 TheGoonsmith the Conjurer (level 4, -2/24 HPs)
             Began as a Deep Elf Fire Elementalist on Apr 25, 2016.
             Slain by Grinder (5 damage)
             ... on level 3 of the Dungeon.
             The game lasted 00:03:03 (1618 turns).

TheGoonsmith the Conjurer (DEFE)                    Turns: 1618, Time: 00:03:04

Health: -2/24      AC:  2    Str:  5    XL:     4   Next: 33%
Magic:  4/10       EV: 13    Int: 18    God:
Gold:   68         SH:  0    Dex: 15    Spells: 2 memorised, 5 levels left

rFire  . . .     SeeInvis .     (no weapon)
rCold  . . .     Gourm    .     a - +0 robe
rNeg   . . .     Faith    .     (no shield)
rPois  .         Spirit   .     (no helmet)
rElec  .         Dismiss  .     (no cloak)
rCorr  .         Reflect  .     (no gloves)
SustAt .         Harm     .     (no boots)
MR     .....                    (no amulet)
Stlth  +++.......               i - ring of stealth
                                f - -3 ring of intelligence (curse)

@: not resistant to hostile enchantments, fairly stealthy
A: no striking features
a: no special abilities


You were on level 3 of the Dungeon.
You were not hungry.

You visited 1 branch of the dungeon, and saw 4 of its levels.

You collected 68 gold pieces.

Inventory:

Armour
 a - a +0 robe (worn)
Jewellery
 f - a cursed -3 ring of intelligence (left hand)
 i - a ring of stealth (right hand)
Scrolls
 e - a scroll of teleportation {unknown}
Books
 b - a book of Flames

   Spells                             Type                      Level
   a - Flame Tongue                   Conjuration/Fire             1
   b - Throw Flame                    Conjuration/Fire             2
   c - Conjure Flame                  Conjuration/Fire             3
   d - Inner Flame                    Hexes/Fire                   3
   e - Sticky Flame                   Conjuration/Fire             4
   f - Fireball                       Conjuration/Fire             5
Comestibles
 c - 2 bread rations
 d - 4 chunks of flesh
 g - a beef jerky
 h - a meat ration


   Skills:
 - Level 2.4 Dodging
 - Level 2.4 Stealth
 - Level 3.0 Spellcasting
 + Level 4.6 Conjurations
 - Level 3.2 Fire Magic


You had 5 spell levels left.
You knew the following spells:

 Your Spells              Type           Power        Failure   Level  Hunger
a - Flame Tongue          Conj/Fire      ###..        3%          1    None
b - Conjure Flame         Conj/Fire      ###.....     12%         3    ###....


Dungeon Overview and Level Annotations

Branches:
Dungeon (4/15)
 Temple: D:4-7

Altars:
Ashenzari
Gozag

Annotations:
D:3 Grinder
D:4 Dowan, Duvessa


Message History

Press: ? - help, Shift-Dir - straight line, f/p - Grinder
Aim: Grinder (lightly wounded)
The flame tongue misses Grinder.
Casting: Flame Tongue
Confirm with . or Enter, or press ? or * to list all spells.
Aiming: Flame Tongue
Press: ? - help, Shift-Dir - straight line, f/p - Grinder
Aim: Grinder (lightly wounded)
The flame tongue hits Grinder.
Grinder is moderately wounded.
Grinder says, "You look like you could use a good racking."
Casting: Flame Tongue
Confirm with . or Enter, or press ? or * to list all spells.
Aiming: Flame Tongue
Press: ? - help, Shift-Dir - straight line, f/p - Grinder
Aim: Grinder (moderately wounded)
The flame tongue hits Grinder.
Grinder is heavily wounded.
Grinder hits you.
You die...

##### ######
###########.... ......
............... ......
..............
#.#...#####.............
..........#..........###
..........#..........###
..............######....
.#.5@......####...###
.....................# #
...##.........##.#...###
. #.........##.###....
.!.........#.......##
..##........#.........
... #........#.........
.. #........#.........
................##


You could see Grinder.

Vanquished Creatures
  Terence (D:3)
  2 adders (D:2)
  2 worms (D:2)
  3 dart slugs
  3 giant geckos (D:3)
  3 orcs (D:3)
  2 giant cockroaches (D:1)
  4 hobgoblins
  A quokka (D:3)
  5 bats
  A giant newt (D:1)
  A kobold (D:1)
  4 rats
32 creatures vanquished.

Notes
Turn   | Place    | Note
--------------------------------------------------------------
     0 | D:1      | TheGoonsmith the Deep Elf Fire Elementalist began the quest for the Orb.
     0 | D:1      | Reached XP level 1. HP: 10/10 MP: 6/6
   172 | D:1      | Reached skill level 2 in Conjurations
   273 | D:1      | Reached XP level 2. HP: 15/15 MP: 5/8
   786 | D:2      | Reached skill level 3 in Conjurations
   990 | D:2      | Reached XP level 3. HP: 19/19 MP: 1/9
  1122 | D:2      | Learned a level 3 spell: Conjure Flame
  1162 | D:2      | Found an opulent altar of Gozag.
  1183 | D:3      | Noticed Terence
  1269 | D:3      | Found a shattered altar of Ashenzari.
  1277 | D:4      | Noticed Dowan
  1278 | D:4      | Noticed Duvessa
  1350 | D:3      | Reached skill level 4 in Conjurations
  1462 | D:3      | Killed Terence
  1462 | D:3      | Reached XP level 4. HP: 22/24 MP: 2/10
  1608 | D:3      | Noticed Grinder
  1618 | D:3      | Slain by Grinder

Vault maps used:
D:1:      grunt_arrival_crossed_arrows
D:2:      grunt_gozag_breadcrumbs
D:3:      nicolae_ru_great_annihilating_truth, ashenzari_altar_1,
          ecumenical_altar_2, uniq_terence, uniq_grinder
D:4:      first_bread, minmay_surrounded, uniq_crazy_yiuf_cottage, uniq_duvessa,
          uniq_pikel, uniq_sigmund

Skill      XL: |  1  2  3 |
---------------+----------+-----
Conjurations   | 2 3 4 |  4.6
Dodging        | |  2.4
Stealth        | |  2.4
Spellcasting   | |  3.0
Fire Magic     | |  3.2

Action                   |  1- 3 |  4- 6 || total
-------------------------+-------+-------++-------
 Cast: Flame Tongue      |    66 |    12 ||    78
  Use: Scroll            |     2 |       ||     2
  Eat: Chunk             |     1 |     1 ||     2
Armor: Robe              |     5 |     1 ||     6
Dodge: Dodged            |    19 |     2 ||    21
